 Dungeon Sprint DCSS version 0.23.2-1-ga50397a6bc (webtiles) character file.

Game seed: 5110994310106068992

54 Kobolds4U the Covert (level 3, 0/18 HPs)
             Began as a Spriggan Assassin on May 22, 2019.
             Slain by a yak (3 damage)
             ... in the Dungeon (Sprint I: "Red Sonja").
             The game lasted 00:00:38 (57 turns).

Kobolds4U the Covert (Spriggan Assassin)              Turns: 57, Time: 00:00:39

Health: 0/18       AC:  3    Str:  7    XL:     3   Next: 66%
Magic:  4/4        EV: 22    Int: 12    God:
Gold:   108        SH:  0    Dex: 18    Spells: 2/2 levels left

rFire    . . .     SeeInvis +   a - +2 dagger
rCold    . . .     Gourm    .   (shield restricted)
rNeg     . . .     Faith    .   c - +0 robe
rPois    .         Spirit   .   (helmet restricted)
rElec    .         Reflect  .   d - +0 cloak
rCorr    .         Harm     .   (gloves unavailable)
MR       .....     NoTele   +   (boots unavailable)
Stlth    +++++.....             (no amulet)
HPRegen  0.06/turn              (no ring)
MPRegen  0.09/turn              (no ring)

@: very quick
A: very small, unfitting armour, see invisible, herbivore, speed 3, slow
metabolism 2
a: no special abilities


You were in the Dungeon.
You were not hungry.

You visited 1 branch You collected 108 gold pieces.

Inventory:

Hand Weapons
 a - a +2 dagger (weapon)
 b - a +0 blowgun
Missiles
 e - 8 poisoned needles
 f - 2 curare-tipped needles
Armour
 c - a +0 robe (worn)
 d - a +0 cloak (worn)
Scrolls
 m - a scroll of blinking
Potions
 h - a potion of curing
 i - 2 potions of heal wounds
 j - a potion of haste
 k - 2 potions of magic
 l - a potion of berserk rage
Comestibles
 g - a ration


   Skills:
 - Level 1.5 Fighting
 - Level 2.1 Short Blades
 - Level 2.0 Throwing
 + Level 6.4 Dodging
 - Level 10.6 Stealth


You had 2 spell levels left.
You didn't know any spells.
Your spell library was empty.

Dungeon Overview and Level Annotations

Branches:
Dungeon (1/1)

Altars:
Cheibriados
Dithmenos
Elyvilon
Fedhas
Gozag
Hepliaklqana
Kikubaaqudgha
Okawaru
Qazlal
Ru
Sif Muna
Trog
Uskayaw
Vehumet
Wu Jian
Yredelemnul
Zin
The Shining One

Shops:
D [

Annotations:
D Sigmund


Innate Abilities, Weirdness & Mutations

You are very small and have problems with some larger weapons.
You are too small for most types of armour.
You have supernaturally acute eyesight. (SInv)
You are a herbivore.
You cover ground extremely quickly.
You need to consume almost no food.


Message History

You completely miss the yak.
The yak is moderately wounded.
The yak misses you.
You hit the yak.
The yak is moderately wounded.
The yak gores you!
Ouch! That really hurt!
You hit the yak but do no damage.
The yak is moderately wounded.
The yak gores you.
* * * LOW HITPOINT WARNING * * *
You hit the yak.
The yak is heavily wounded.
You hit the yak but do no damage.
The yak is heavily wounded.
The yak gores you but does no damage.
You hit the yak but do no damage.
The yak is heavily wounded.
The yak gores you.
You die...

################
#<.#.)'..#.@+..#
#..'..#.O+..#..+
#..#####+#####'#
#..# #?#
#..#__## ##?#
#..#_____##+#_.+
#⌠⌠#_.∩..Y@..._#
####_..__##_.#+#
#____ ##+# ####


You could see a yak.

Vanquished Creatures
  A jelly (D)
  Ijyb (D)
2 creatures vanquished.

Notes
Turn   | Place    | Note
-------+----------+-------------------------------------------
     0 | D        | Kobolds4U the Spriggan Assassin began the quest for the
                  | Orb.
     0 | D        | Reached XP level 1. HP: 10/10 MP: 2/2
     1 | D        | Noticed Ijyb
     4 | D        | Killed Ijyb
     4 | D        | Reached skill level 10 in Stealth
     4 | D        | Reached XP level 2. HP: 14/14 MP: 3/3
     7 | D        | Noticed an ogre
    12 | D        | Noticed Sigmund
    28 | D        | Found a deep blue altar of Sif Muna.
    29 | D        | Found an ornate altar of the Wu Jian Council.
    30 | D        | Found a radiant altar of Vehumet.
    34 | D        | Reached XP level 3. HP: 18/18 MP: 4/4
    37 | D        | Found Wimidgh's Antique Armour Emporium.
    37 | D        | Found an ancient bone altar of Kikubaaqudgha.
    37 | D        | Found a hazy altar of Hepliaklqana.
    37 | D        | Found a stormy altar of Qazlal.
    37 | D        | Found a hide-covered altar of Uskayaw.
    37 | D        | Found a blossoming altar of Fedhas.
    37 | D        | Found a bloodstained altar of Trog.
    37 | D        | Found an iron altar of Okawaru.
    37 | D        | Found a basalt altar of Yredelemnul.
    37 | D        | Found a glowing golden altar of the Shining One.
    37 | D        | Found a snail-covered altar of Cheibriados.
    37 | D        | Found a sacrificial altar of Ru.
    37 | D        | Found a glowing silver altar of Zin.
    37 | D        | Found a shadowy altar of Dithmenos.
    37 | D        | Found a white marble altar of Elyvilon.
    37 | D        | Noticed a yak
    38 | D        | Found an opulent altar of Gozag.
    57 | D        | Slain by a yak

Skill      XL: |  1  2 |
---------------+-------+-----
Stealth        | 10 | 10.6
Dodging        | 6 |  6.4
Fighting       | |  1.5
Short Blades   | |  2.1
Throwing       | |  2.0

Action                   || total
-------------------------++-------
Melee: Dagger            ||    21
 Stab: Sleeping          ||     2
Armor: Robe              ||     1
Dodge: Dodged            ||    13
